Map: Automaton LE

Players

herO - Winner!

  • Race: Protoss Protoss
  • Spawn Location: 3:00

Dear

  • Race: Protoss Protoss
  • Spawn Location: 9:00

Event: IEM Season 13: Katowice (2019)

VOD

Have the link to the VOD?

Description

Time

  • Played on: March 2, 2019, 9:53 a.m.
  • Length: 11:20

All games in this series

Show
View Real Time Build Order
Export as new Build Order

herO Protoss - Winner!

Build Orders:  

Get SALT Encoding   

  12  0:00  Probe  
  13  0:12  Probe  
  14  0:18  Pylon  
  14  0:24  Probe  
  15  0:32  Probe  
  15  0:38  Gateway  
  15  0:40  Probe  
  16  0:47  Assimilator  
  17  0:50  Probe  
  18  0:59  Probe  
  19  1:04  Assimilator  
  19  1:08  Probe  
  19  1:09  Gateway  
  20  1:20  Probe  
  21  1:26  Cybernetics Core  
  22  1:32  Probe  
  22  1:36  Pylon  
  22  1:44  Probe  
  23  1:53  Warp Gate  
  24  2:02  Stalker  
  24  2:03  Stalker  
  27  2:11  Pylon  
  27  2:25  Robotics Facility  
  27  2:32  Stalker  
  27  2:34  Stalker  
  31  2:44  Gateway  
  31  2:51  Probe  
  32  3:04  Stalker x2  
  35  3:18  Warp Prism  
  35  3:20  Probe  
  35  3:28  Probe  
  36  3:35  Pylon  
  36  3:38  Probe  
  37  3:43  Sentry  
  39  3:55  Adept x2  
  43  4:03  Immortal  
  47  4:22  Pylon  
  43  4:31  Adept  
  43  4:33  Probe  
  41  4:46  Probe  
  41  4:50  Observer  
  43  4:58  Probe  
  44  5:02  Immortal  
  44  5:10  Probe  
  49  5:19  Pylon  
  49  5:22  Probe  
  50  5:34  Probe  
  51  5:46  Probe  
  51  5:48  Pylon  
  52  6:05  Adept  
  52  6:06  Adept  
  52  6:07  Sentry  
  52  6:10  Pylon  
  58  6:33  Adept x3  
  58  6:39  Gateway  
  64  6:55  Immortal  
  68  7:02  Sentry  
  68  7:05  Pylon  
  70  7:23  Nexus  
  70  7:34  Immortal  
  70  7:52  Adept x2  
  70  7:56  Adept  
  64  8:14  Adept x2, Observer  
  64  8:18  Adept  
  53  8:28  Warp Prism  
  53  8:41  Sentry x3  
  59  9:01  Observer  
  57  9:08  Stalker x2  
  62  9:33  Stalker x3  
  68  9:56  Stalker x2  
  72  10:19  Stalker  
  72  10:20  Stalker x2  
  78  10:24  Probe x2  
  79  10:32  Probe x2  
  80  10:41  Observer  
  81  10:43  Stalker  
  81  10:47  Stalker  
  81  10:52  Probe x2  
  83  11:00  Probe x2  
Show
View Real Time Build Order
Export as new Build Order

Dear Protoss 

Build Orders:  

Get SALT Encoding   

  12  0:00  Probe  
  13  0:12  Probe  
  14  0:18  Pylon  
  14  0:24  Probe  
  15  0:33  Probe  
  15  0:37  Gateway  
  15  0:41  Probe  
  16  0:46  Assimilator  
  17  0:51  Probe  
  17  0:56  Assimilator  
  18  1:00  Probe  
  19  1:08  Gateway  
  19  1:09  Probe  
  19  1:17  Probe  
  21  1:26  Cybernetics Core  
  21  1:29  Probe  
  22  1:36  Pylon  
  22  1:41  Probe  
  23  1:52  Warp Gate  
  23  1:54  Probe  
  24  2:02  Adept x2  
  28  2:11  Twilight Council  
  28  2:20  Pylon  
  28  2:32  Adept  
  30  2:37  Resonating Glaives  
  30  2:38  Adept  
  32  2:46  Pylon  
  31  3:02  Adept  
  33  3:08  Adept  
  35  3:19  Gateway  
  33  3:26  Gateway  
  31  3:35  Shield Battery  
  31  3:43  Pylon  
  31  3:47  Stalker x2  
  35  3:53  Shield Battery  
  35  4:10  Stalker x2  
  39  4:17  Sentry  
  39  4:21  Sentry  
  43  4:27  Pylon  
  37  4:40  Adept  
  37  4:43  Adept, Robotics Facility  
  39  4:56  Stalker  
  39  4:59  Stalker  
  44  5:25  Phoenix  
  44  5:26  Adept x4  
  44  5:28  Observer  
  52  5:37  Pylon  
  52  5:46  Immortal  
  52  6:23  Warp Prism  
  54  6:39  Pylon  
  54  6:40  Adept x4  
  62  6:50  Immortal  
  66  7:11  Sentry  
  66  7:12  Sentry  
  66  7:13  Pylon  
  70  7:32  Stalker  
  70  7:36  Stalker  
  72  7:46  Pylon  
  72  8:00  Pylon  
  72  8:03  Warp Prism  
  50  8:20  Adept x3  
  40  8:40  Immortal  
  36  8:42  Sentry x3  
  46  9:07  Adept x2  
  50  9:48  Nexus  
  48  10:19  Sentry x2  
  48  10:20  Stalker  
  54  10:56  Probe  
  58  10:57  Probe  

Tags
 
Add a new tag
Caveats
  • Supply blocks, unpowered buildings, or Contaminate may cause inaccurate times.
  • Supply counts are checked every 10 seconds.